 Dungeon Crawl Stone Soup version 0.30-a0-1008-g30c9307041 (webtiles) character file.

Game seed: 880567150323653081

4252 Danienth the Reanimator (level 10, -22/63 HPs)
             Began as a Human Necromancer on Apr 5, 2023.
             Was a Believer of Sif Muna.
             Killed by the air
             ... invoked by Gastronok
              (30 damage)
             ... on level 8 of the Dungeon.
             The game lasted 01:40:55 (7972 turns).

Danienth the Reanimator (Human Necromancer)         Turns: 7972, Time: 01:40:55

Health: -22/63     AC:  6    Str: 12    XL:     10   Next: 56%
Magic:  14/19      EV: 17    Int: 17    God:    Sif Muna [**....]
Gold:   201        SH: 10    Dex: 25    Spells: 10/22 levels left

rFire   . . .      SeeInvis +    L - +2 dagger (spect)
rCold   . . .      Faith    .    m - +1 buckler
rNeg    . . .      Spirit   .    g - +1 steam dragon scales
rPois   .          Reflect  .    (no helmet)
rElec   .          Rampage  .    p - scarf {+Inv}
rCorr   .                        (no gloves)
Will    .....                    (no boots)
Stlth   ++++                     (no amulet)
HPRegen 0.30/turn                K - +6 ring of dexterity
MPRegen 0.16/turn                q - +6 ring of dexterity

@: no status effects
A: large bone plates 1, see invisible, evolution 1
a: Renounce Religion, Evoke Invisibility, Channel Magic


You were on level 8 of the Dungeon.
You worshipped Sif Muna.
Sif Muna was pleased with you.
You visited 1 branch of the dungeon, and saw 8 of its levels.
You also visited: Sewer.

You collected 467 gold pieces.
You spent 266 gold pieces at shops.

Inventory:

Hand Weapons
 b - a +0 short sword
 d - a +0 dagger
 e - a +0 dagger
 i - a +1 dagger of pain
 j - a +2 dagger of venom
 k - a +0 rapier of protection
 t - a +0 heavy hand axe
 v - a +0 dagger of venom
 w - a +1 trident of venom
 y - a +2 flail of protection
 A - a +3 club
 I - a +0 short sword
 L - a +2 spectral dagger (weapon)
Missiles
 u - 8 poisoned darts (quivered)
 D - 2 throwing nets
 G - 7 boomerangs
Armour
 a - a +0 robe
 g - +1 steam dragon scales (worn)
 m - a +1 buckler (worn)
 o - a +0 pair of gloves
 p - a scarf of invisibility (worn)
 B - a +0 leather armour
 M - a +3 leather armour
Jewellery
 c - a ring of magical power
 h - a ring of flight
 q - a +6 ring of dexterity (right hand)
 H - a +6 ring of dexterity
 K - a +6 ring of dexterity (left hand)
Wands
 r - a wand of polymorph (6)
 C - a wand of mindburst (14)
 J - a wand of digging (3)
Scrolls
 f - 4 scrolls of identify
 l - 3 scrolls of noise
 x - 2 scrolls of vulnerability
 E - a scroll of immolation
 F - a scroll of teleportation
Potions
 n - a potion of lignification
 s - a potion of attraction
 z - a potion of brilliance


   Skills:
 - Level 0.1 Fighting
 + Level 6.1 Short Blades
 + Level 6.5 Dodging
 + Level 7.1 Stealth
 + Level 6.5 Spellcasting
 + Level 8.3 Necromancy


You had 10 spell levels left.
You knew the following spells:

 Your Spells              Type           Power      Damage    Failure   Level
a - Necrotise             Necr           100%       1d9       1%          1
b - Freeze                Ice            20%        1d4       17%         1
c - Vampiric Draining     Necr           33%        2d8       1%          3
d - Animate Dead          Necr           33%        N/A       5%          4
e - Sandblast             Erth           10%        2d5       17%         1
f - Poisonous Vapours     Pois/Air       10%        N/A       26%         2

Your spell library contained the following spells:

 Spells                   Type           Power      Damage    Failure   Level
 Agony                    Necr           33%        N/A       16%         5
 Lesser Beckoning         Tloc           10%        N/A       26%         2
 Passwall                 Tmut/Erth      4%         N/A       26%         2
 Frozen Ramparts          Ice            10%        1d2       45%         3
 Gell's Gravitas          Tloc           5%         N/A       45%         3
 Hailstorm                Conj/Ice       5%         3d4       45%         3
 Mephitic Cloud           Conj/Pois/Air  5%         N/A       45%         3
 Stone Arrow              Conj/Erth      10%        3d7       45%         3
 Teleport Other           Tloc           5%         N/A       45%         3
 Freezing Cloud           Conj/Ice/Air   2%         6-21      99%         5
 Chain Lightning          Conj/Air       2%         3d3       100%        9
 Fire Storm               Conj/Fire      2%         8d1       100%        9
 Shatter                  Erth           2%         3d6*      100%        9


Dungeon Overview and Level Annotations

Branches:
Dungeon (8/15)             Temple (0/1) D:5           Sewer (visited)
   Lair: D:8-11

Altars:
Ashenzari
Sif Muna
Yredelemnul

Shops:
D:3 (!*!*   D:7 ?

Annotations:
D:8 Gastronok


Innate Abilities, Weirdness & Mutations

You are partially covered in large bone plates. (SH +4)
You have supernaturally acute eyesight. (SInv)
You have hidden genetic potential.


Message History

Your +2 spectral dagger hits Gastronok but does no damage.
You hit Gastronok.
Gastronok is severely wounded.
Your +2 spectral dagger hits Gastronok.
Gastronok bites you but does no damage.
You hit Gastronok.
Gastronok is severely wounded.
Your +2 spectral dagger hits Gastronok.
You hit Gastronok.
Gastronok is severely wounded.
Your +2 spectral dagger hits Gastronok.
Gastronok bites you!!
Casting: Necrotise (safe; 1% risk of failure)
Confirm with . or Enter, or press ? or * to list all spells.
Aiming: Vampiric Draining (safe; 1% risk of failure)
Press: ? - help, Shift-Dir - straight line, f - Gastronok
Aim: Gastronok, wearing a +0 hat (severely wounded, ally target)
You draw life force from Gastronok.
You feel life coursing into your body.
Casting: Vampiric Draining (safe; 1% risk of failure)
Confirm with . or Enter, or press ? or * to list all spells.
Aiming: Vampiric Draining (safe; 1% risk of failure)
Press: ? - help, Shift-Dir - straight line, f/p - Gastronok
Aim: Gastronok, wearing a +0 hat (severely wounded, ally target)
You draw life force from Gastronok!
You feel life coursing into your body. Gastronok bites you!!!
Ouch! That really hurt!
* * * LOW HITPOINT WARNING * * *
Gastronok chants a spell, wobbling all the while.
Gastronok puts on a burst of speed!
You take on a slight green cast.
Your yak zombie gores Gastronok!
Your yak zombie gores Gastronok!
Throw: 9 darts (poison)
Press: ? - help, Q - select action, (/) - cycle Shift-Dir - straight line, f/p - Gastronok
Aim: Gastronok, wearing a +0 hat (almost dead, covering ground quickly, not watching you, ally target, 94% to hit)
You throw a poisoned dart. The poisoned dart hits Gastronok.
Gastronok is poisoned.
Gastronok is almost dead.
Your yak zombie gores Gastronok.
Gastronok waves his eye-stalks in wide circles.
The air twists around and strikes you!!
You die...

#.........#.###....>...ZZ.
#####.........#..........Z
#.....................
#.....................
##.....................
####......................
#....Z..............##....
#(.ZZ.....................
#...w....@..........##<...
#.........................
#......#............<.>...
#.........................
#......########<..........
#......#######...........#
######...................#
########...........
#####Z............


You could see Gastronok (swift, poisoned, ally target) and 3 friendly yak
zombies.

Vanquished Creatures
  An unseen horror (D:8)
  A blink frog (D:7)
  Prince Ribbit (D:5)
  A wyvern (D:7)
  5 yaks (D:8)
  Eustachio (D:5)
  Edmund (D:5)
  A water moccasin (D:7)
  An ice beast (D:5)
  Pargi (Sewer)
  3 orc warriors
  4 sky beasts
  A black bear (D:5)
  2 ogres (D:6)
  2 centaurs
  A tengu (D:7)
  A bullfrog (D:6)
  A scorpion (D:5)
  A gnoll sergeant (D:5)
  A howler monkey (D:7)
  A hound (D:6)
  An orc priest (D:8)
  A jelly (D:4)
  2 gnoll boudas
  A sleepcap (D:8)
  An iguana (D:5)
  4 orc wizards
  Ijyb (D:5)
  16 gnolls
  7 adders
  2 white imps (D:6)
  3 worms
  2 dart slugs
  20 orcs
  A bat (D:1)
  6 endoplasms
  3 giant cockroaches
  6 goblins
  7 hobgoblins
  14 jackals
  8 kobolds
  2 quokkas
  10 ball pythons
  5 frilled lizards
  6 rats
161 creatures vanquished.

Vanquished Creatures (collateral kills)
  A yak (D:8)
  An orc priest (D:8)
  An orc wizard (D:7)
  A river rat (D:6)
  3 orcs
  A goblin (D:1)
  2 jackals (D:1)
  A kobold (D:1)
11 creatures vanquished.

Vanquished Creatures (others)
  A howler monkey (D:7)
  An orc zombie (D:7)
  3 plants (D:3)
5 creatures vanquished.

Grand Total: 177 creatures vanquished

Notes
Turn   | Place    | Note
-------+----------+-------------------------------------------
     0 | D:1      | Danienth the Human Necromancer began the quest for the Orb.
     0 | D:1      | Reached XP level 1. HP: 13/13 MP: 3/3
   130 | D:1      | Reached XP level 2. HP: 19/19 MP: 0/5
   265 | D:1      | Reached XP level 3. HP: 24/24 MP: 6/6
   614 | D:1      | Reached XP level 4. HP: 30/30 MP: 8/8
   950 | D:2      | Learned a level 1 spell: Freeze
   954 | D:2      | Learned a level 3 spell: Vampiric Draining
  1072 | D:2      | Reached skill level 5 in Necromancy
  1641 | D:2      | Reached XP level 5. HP: 24/35 MP: 9/9
  1870 | D:3      | Found War Sos's Distillery.
  2003 | D:3      | Found Usareon's Antique Weapon Boutique.
  2004 | D:3      | Found a shimmering blue altar of Sif Muna.
  2013 | D:3      | Found a basalt altar of Yredelemnul.
  2248 | D:3      | Found Gawoe's General Store.
  2433 | D:3      | Found Jumeg's Assorted Antiques.
  2679 | D:3      | Reached skill level 1 in Short Blades
  2679 | D:3      | Reached XP level 6. HP: 19/41 MP: 8/10
  2789 | D:3      | Found Zenim's Distillery.
  2950 | D:3      | Became a worshipper of Sif Muna the Loreminder
  3009 | D:3      | Bought a potion of mutation for 96 gold pieces
  3009 | D:3      | Gained mutation: Your mind is acute. (Int +4, Str/Dex -1)
                  | [potion of mutation]
  3009 | D:3      | Gained mutation: Your body sometimes deteriorates upon
                  | taking damage. [potion of mutation]
  3009 | D:3      | Gained mutation: You expend magic power (3 MP) to
                  | strengthen your wands. [potion of mutation]
  3560 | D:5      | Entered Level 5 of the Dungeon
  3572 | D:5      | Noticed Ijyb
  3575 | D:5      | Killed Ijyb
  3683 | D:5      | Noticed a black bear
  3695 | D:5      | Killed a black bear
  3696 | D:5      | Reached XP level 7. HP: 38/46 MP: 12/12
  3865 | D:5      | Reached skill level 6 in Necromancy
  3874 | D:5      | Noticed Edmund
  3904 | D:5      | Found a staircase to the Ecumenical Temple.
  3921 | D:5      | Killed Edmund
  3950 | D:5      | Reached * piety under Sif Muna
  3977 | D:5      | Reached XP level 8. HP: 41/52 MP: 0/14
  4152 | D:5      | Noticed Eustachio
  4161 | D:5      | Killed Eustachio
  4173 | D:5      | Learned a level 4 spell: Animate Dead
  4248 | D:5      | Noticed Prince Ribbit
  4273 | D:5      | Killed Prince Ribbit
  4485 | D:5      | Learned a level 1 spell: Sandblast
  4845 | D:6      | Found a glowing drain.
  4905 | Sewer    | Entered a sewer
  4996 | Sewer    | Reached XP level 9. HP: 57/57 MP: 16/16
  5065 | Sewer    | Lost mutation: You expend magic power (3 MP) to strengthen
                  | your wands. [potion of mutation]
  5065 | Sewer    | Lost mutation: Your body sometimes deteriorates upon taking
                  | damage. [potion of mutation]
  5065 | Sewer    | Gained mutation: You are clumsy. (Dex -2) [potion of
                  | mutation]
  5065 | Sewer    | Gained mutation: You expend magic power (3 MP) to
                  | strengthen your wands. [potion of mutation]
  5066 | Sewer    | Lost mutation: You are clumsy. (Dex -2) [potion of
                  | mutation]
  5066 | Sewer    | Lost mutation: You expend magic power (3 MP) to strengthen
                  | your wands. [potion of mutation]
  5066 | Sewer    | Lost mutation: Your mind is acute. (Int +4, Str/Dex -1)
                  | [potion of mutation]
  5066 | Sewer    | Gained mutation: You have hidden genetic potential. [potion
                  | of mutation]
  5066 | Sewer    | Gained mutation: You are partially covered in large bone
                  | plates. (SH +4) [potion of mutation]
  5080 | Sewer    | Noticed Pargi
  5095 | Sewer    | Killed Pargi
  5096 | Sewer    | Reached skill level 5 in Stealth
  5373 | D:6      | Reached skill level 5 in Spellcasting
  5373 | D:6      | Reached skill level 7 in Necromancy
  5749 | D:6      | Reached skill level 5 in Dodging
  5992 | D:7      | Found Nafraqah's Magic Scroll Boutique.
  5995 | D:7      | Bought a scroll of identify for 22 gold pieces
  5995 | D:7      | Bought a scroll of identify for 22 gold pieces
  5995 | D:7      | Bought a scroll of enchant armour for 82 gold pieces
  5995 | D:7      | Bought a scroll of identify for 22 gold pieces
  5995 | D:7      | Bought a scroll of identify for 22 gold pieces
  6041 | D:7      | HP: 1/57 [steam dragon/ball of steam (14)]
  6375 | D:7      | Learned a level 2 spell: Poisonous Vapours
  6377 | D:7      | Noticed a blink frog
  6380 | D:7      | Reached ** piety under Sif Muna
  6408 | D:7      | Killed a blink frog
  6583 | D:7      | Reached skill level 5 in Short Blades
  7048 | D:8      | HP: 1/57 [yak (11)]
  7454 | D:8      | Reached XP level 10. HP: 61/63 MP: 18/18
  7468 | D:8      | Gained mutation: You have supernaturally acute eyesight.
                  | (SInv) [hidden potential]
  7627 | D:8      | Found a broken altar of Ashenzari.
  7637 | D:8      | Reached skill level 8 in Necromancy
  7841 | D:8      | Noticed an unseen horror
  7848 | D:8      | Killed an unseen horror
  7948 | D:8      | Noticed Gastronok
  7972 | D:8      | Killed from afar by Gastronok

Illustrated notes

Levels and vault maps discovered:
D:1:      minmay_arrival_nine_rooms, layout_rooms, chequers_jeans
D:2:      layout_loops_cross
D:3:      layout_loops_ring, minitemple, serial_shops, shop, shop, shop,
          nicolae_shop_overgrown_old_shop, shop, kennysheep_generic_room_3
D:4:      layout_rooms
D:5:      layout_basic, temple_doors_cd, nicolae_ossuary_entry_false_entrances,
          uniq_prince_ribbit1, uniq_eustachio, uniq_edmund, uniq_ijyb
D:6:      layout_basic, portal_sewer_entry_a, st_stairs_5
D:7:      layout_basic, serial_shops, nicolae_shop_behind_doors
D:8:      layout_rooms, ashenzari_altar_1, enter_bailey_2, uniq_gastronok

Skill      XL: |  1  2  3  4  5  6  7  8  9 10 |
---------------+-------------------------------+-----
Necromancy     | 5 6 7 8 |  8.3
Spellcasting   | 3 4 5 6 |  6.5
Short Blades   | 1 2 3 5 6 |  6.1
Stealth        | 3 4 6 7 |  7.1
Dodging        | 3 4 5 6 |  6.5
Fighting       | |  0.1

Action                     |  1- 3 |  4- 6 |  7- 9 | 10-12 || total
---------------------------+-------+-------+-------+-------++-------
  Melee: Dagger            |       |    15 |    91 |    41 ||   147
  Throw: Dart              |       |       |     4 |     1 ||     5
   Cast: Necrotise         |    52 |   149 |   160 |    16 ||   377
         Vampiric Draining |       |     1 |     8 |     3 ||    12
         Sandblast         |       |       |     3 |       ||     3
         Animate Dead      |       |       |     6 |     1 ||     7
         Poisonous Vapours |       |       |     1 |       ||     1
  Evoke: Wand              |       |       |     7 |       ||     7
    Use: Potion            |     1 |     1 |    13 |     2 ||    17
         Scroll            |       |     4 |    15 |     2 ||    21
   Stab: Distracted        |       |     1 |       |       ||     1
         Sleeping          |       |       |     1 |     5 ||     6
         Invisible         |       |       |       |     4 ||     4
 Armour: Robe              |     6 |     3 |    10 |       ||    19
         Skin              |       |       |     4 |       ||     4
         Steam dragon scal |       |       |    12 |     2 ||    14
  Dodge: Dodged            |    21 |    25 |    95 |    15 ||   156
  Block: Buckler           |       |     7 |    68 |    10 ||    85

Table legend: (Time is in decaauts)
 A = Elapsed time spent in this place.
 B = Non-inter-level travel time spent in this place.
 C = Inter-level travel time spent in this place.
 D = Time resting spent in this place.
 E = Time spent auto-exploring this place.
 F = Levels seen in this place.
 G = Mean time per level.
                   A        B        C        D        E       F      G
               +--------+--------+--------+--------+--------+-----+--------+
         Total |   7975 |   7123 |    852 |    867 |   4846 |   9 |  886.1 |
       Dungeon |   7565 |   6713 |    852 |    867 |   4591 |   8 |  945.6 |
         Sewer |    410 |    410 |      0 |      0 |    254 |   1 |  410.0 |
               +--------+--------+--------+--------+--------+-----+--------+

Top non-repeatable levels by time:
     D:7: 1275 daAuts
     D:3: 1243 daAuts
     D:5: 1146 daAuts
     D:6: 1019 daAuts
     D:2: 921 daAuts
     D:1: 856 daAuts
     D:8: 567 daAuts
     D:4: 535 daAuts
   Sewer: 410 daAuts
